Map: Ascension to Aiur LE

Players

Juxtapose - Winner!

  • Race: Terran Terran
  • League: Gold
  • Spawn Location: 11:00

Juwanil

  • Race: Protoss Protoss
  • League: Platinum
  • Spawn Location: 5:00

VOD

https://youtu.be/bSfs54XVB9g

Description

Right after loosing against this match up, I get Terran again and my opponent, who also went Random, gets Protoss. He's also a Platinum Level Protoss; this is his main Race.

This time however I decide to try something a little different, and instead of Widow Mines I open with Cyclones to compliment my Marines. However, my opponent surprises me with Dark Templar.

The rest of the match gets more fun from there.

Time

  • Played on: Aug. 15, 2017, 7:23 p.m.
  • Length: 10:29
Show
View Real Time Build Order
Export as new Build Order

Juxtapose Terran - Winner!

Build Orders:  

Get SALT Encoding   

  12  0:01  SCV  
  13  0:13  SCV  
  14  0:20  Supply Depot  
  14  0:25  SCV  
  15  0:40  Supply Depot  
  15  0:41  SCV  
  16  0:49  Barracks  
  16  0:55  SCV  
  17  1:07  SCV  
  18  1:20  SCV  
  18  1:22  Refinery  
  18  1:25  Refinery  
  19  1:32  SCV  
  20  1:37  Marine  
  21  1:52  Orbital Command  
  21  2:09  Barracks Reactor  
  21  2:17  Engineering Bay  
  21  2:22  SCV  
  22  2:27  Barracks  
  22  2:34  SCV  
  22  2:36  Supply Depot  
  23  2:46  Marine, SCV  
  25  2:55  Command Center  
  24  3:01  Supply Depot  
  24  3:10  Missile Turret  
  24  3:13  SCV  
  24  3:14  Marine x2  
  24  3:18  Barracks Tech Lab  
  27  3:25  SCV  
  28  3:32  Missile Turret  
  28  3:36  Terran Infantry Weapons Level 1  
  28  3:38  Marine, SCV, Marauder  
  32  3:52  Factory  
  32  3:57  SCV  
  32  4:00  Marine  
  34  4:09  SCV  
  35  4:18  SCV  
  36  4:30  SCV  
  37  4:32  Marine  
  37  4:33  Marine  
  37  4:34  Marauder  
  37  4:36  Factory Reactor  
  41  4:43  Orbital Command  
  41  4:53  Marine x2  
  41  4:55  Marauder  
  45  5:11  Starport  
  45  5:14  SCV  
  45  5:19  Refinery  
  46  5:22  Refinery, Cyclone x2  
  46  5:26  SCV  
  46  5:27  Marine, Marauder  
  55  5:39  SCV  
  56  5:50  Starport Reactor  
  56  5:51  SCV  
  56  5:54  Cyclone  
  60  5:58  Starport  
  60  6:01  Supply Depot  
  60  6:21  Marine x2  
  60  6:22  Marine  
  60  6:23  Cyclone  
  60  6:25  Terran Infantry Armor Level 1  
  66  6:27  Combat Shields, Supply Depot  
  66  6:36  SCV  
  66  6:38  Barracks  
  66  6:39  Marine x2  
  69  6:40  Marine  
  70  6:48  SCV  
  70  6:53  Starport Tech Lab  
  71  6:56  Marine x2  
  71  6:58  Marine  
  71  6:59  Supply Depot  
  74  7:07  SCV  
  73  7:14  Marine x2  
  62  7:16  Marine  
  62  7:19  SCV  
  62  7:22  Supply Depot  
  51  7:27  Missile Turret  
  51  7:32  Marine  
  52  7:37  Raven  
  52  7:38  Marine x3, Missile Turret  
  57  7:44  Cyclone x2  
  57  7:45  Supply Depot  
  57  7:46  Medivac x2, Stimpack  
  57  7:50  Marine  
  68  7:56  Marine x2  
  70  7:58  Barracks Reactor  
  70  8:06  SCV, Supply Depot  
  70  8:08  Marine  
  72  8:16  Medivac x2  
  72  8:18  SCV  
  77  8:20  Raven  
  79  8:30  SCV  
  80  8:37  Marine x4  
  80  8:38  Marine  
  85  8:42  SCV  
  85  8:55  Marine x5  
  87  8:57  Command Center  
  87  8:59  Cyclone x2  
  96  9:03  Medivac x2  
  100  9:13  Marine x2  
  102  9:36  Missile Turret  
  102  9:57  Supply Depot  
  102  10:09  Marine x3  
  109  10:21  Supply Depot  
Show
View Real Time Build Order
Export as new Build Order

Juwanil Protoss 

Build Orders:  

Get SALT Encoding   

  12  0:02  Probe (Chrono Boost)  
  13  0:17  Probe (Chrono Boost)  
  14  0:27  Probe (Chrono Boost)  
  15  0:38  Pylon  
  15  0:40  Assimilator  
  15  0:56  Probe (Chrono Boost)  
  16  1:00  Gateway  
  16  1:07  Probe (Chrono Boost)  
  17  1:17  Probe (Chrono Boost)  
  18  1:28  Probe (Chrono Boost)  
  19  1:37  Nexus  
  19  1:52  Probe (Chrono Boost)  
  19  1:55  Cybernetics Core  
  19  2:03  Probe (Chrono Boost)  
  19  2:04  Pylon  
  19  2:07  Assimilator  
  20  2:13  Probe (Chrono Boost)  
  21  2:23  Gateway  
  21  2:27  Gateway  
  21  2:33  Mothership Core (Chrono Boost)  
  23  2:41  Warp Gate  
  23  2:47  Adept  
  23  2:50  Probe (Chrono Boost)  
  27  2:51  Probe (Chrono Boost)  
  27  3:02  Probe x2 (Chrono Boost)  
  29  3:17  Stargate  
  29  3:25  Twilight Council  
  29  3:26  Probe x2 (Chrono Boost)  
  31  3:37  Probe (Chrono Boost)  
  33  3:41  Probe (Chrono Boost)  
  33  3:42  Adept x2  
  38  3:48  Pylon, Probe (Chrono Boost)  
  38  3:54  Probe (Chrono Boost)  
  39  3:59  Probe (Chrono Boost)  
  39  4:00  Oracle (Chrono Boost)  
  43  4:03  Probe  
  44  4:14  Probe  
  44  4:15  Assimilator, Probe  
  46  4:20  Assimilator  
  46  4:37  Probe  
  46  4:39  Probe  
  48  4:56  Dark Shrine  
  48  4:59  Probe  
  48  5:01  Probe  
  48  5:03  Charge  
  48  5:04  Robotics Facility  
  50  5:09  Zealot x2  
  50  5:13  Pylon  
  54  5:18  Pylon  
  54  5:19  Pylon  
  54  5:22  Pylon  
  54  5:26  Pylon  
  54  5:29  Pylon  
  54  5:30  Probe  
  54  5:31  Probe  
  56  5:40  Probe  
  56  5:42  Adept x2  
  61  5:43  Adept  
  61  5:44  Probe  
  64  5:51  Observer (Chrono Boost), Probe  
  64  5:56  Probe  
  67  5:59  Forge  
  67  6:01  Probe  
  67  6:03  Zealot x3  
  74  6:10  Observer (Chrono Boost)  
  75  6:18  Probe  
  75  6:19  Probe  
  77  6:28  Warp Prism (Chrono Boost)  
  77  6:32  Nexus  
  79  6:33  Dark Templar  
  79  6:34  Pylon, Dark Templar  
  79  6:36  Probe  
  79  6:37  Pylon  
  84  6:40  Dark Templar  
  84  6:46  Protoss Ground Weapons Level 1  
  86  6:54  Gateway  
  86  6:55  Gateway  
  66  7:23  Dark Templar  
  68  7:34  Probe  
  68  7:35  Probe  
  70  7:48  Templar Archives, Probe  
  70  7:50  Gateway  
  71  7:53  Oracle  
  71  7:54  Gateway  
  71  7:57  Gateway  
  74  7:59  Pylon  
  74  8:01  Pylon  
  74  8:03  Pylon  
  74  8:07  Pylon, Probe x2  
  74  8:09  Probe  
  77  8:13  Zealot x2  
  77  8:14  Zealot x3  
  77  8:19  Immortal (Chrono Boost)  
  91  8:29  Photon Cannon  
  91  8:30  Probe, Photon Cannon  
  91  8:31  Probe  
  91  8:33  Photon Cannon  
  93  8:34  Pylon  
  93  8:37  Assimilator  
  93  8:41  Assimilator  
  92  8:48  Probe  
  89  8:49  Probe  
  89  8:50  Zealot x5  
  99  9:22  Probe x2  
  99  9:24  Probe  
  99  9:25  Zealot x5  
  110  9:33  Probe x2  
  112  9:45  Robotics Bay  
  112  9:52  Immortal (Chrono Boost)  
  116  9:56  Nexus  
  116  9:58  Pylon  
  116  9:59  Phoenix  
  118  10:02  Pylon  
  118  10:06  High Templar  
  118  10:07  High Templar x6  
  132  10:14  Archon x3  
Tags
 
Add a new tag
Caveats
  • Supply blocks, unpowered buildings, or Contaminate may cause inaccurate times.
  • Supply counts are checked every 10 seconds.